Map: Kairos Junction LE

Players

Kas

  • Race: Terran Terran
  • Spawn Location: 5:00

Elazer - Winner!

  • Race: Zerg Zerg
  • Spawn Location: 11:00

Event: IEM Season 13: Katowice (2019)

VOD

Have the link to the VOD?

Description

Time

  • Played on: Feb. 26, 2019, 11:22 a.m.
  • Length: 10:11

All games in this series

Show
View Real Time Build Order
Export as new Build Order

Kas Terran 

Build Orders: Gas First Reaper Expand 

Get SALT Encoding   

  12  0:00  SCV  
  13  0:13  SCV  
  14  0:17  Supply Depot  
  14  0:25  SCV  
  14  0:27  Refinery  
  15  0:38  SCV  
  16  0:44  Barracks  
  16  0:50  SCV  
  17  1:02  SCV  
  18  1:15  SCV  
  19  1:31  Reaper, Orbital Command  
  20  1:42  Command Center  
  20  1:53  Factory  
  20  1:57  SCV  
  21  2:04  Refinery  
  21  2:05  Barracks Reactor  
  21  2:09  SCV  
  21  2:14  Supply Depot  
  22  2:21  SCV  
  23  2:36  SCV  
  23  2:37  Starport  
  24  2:48  Hellion x2  
  24  2:50  SCV  
  29  2:54  Orbital Command  
  29  3:02  SCV  
  30  3:15  Fusion Core  
  30  3:17  Starport Tech Lab  
  30  3:18  SCV  
  31  3:21  SCV  
  32  3:28  Marine, Supply Depot  
  32  3:30  SCV  
  32  3:33  SCV  
  35  3:37  Hellion x2  
  39  3:43  SCV  
  39  3:46  SCV  
  42  3:55  SCV  
  42  4:03  Battlecruiser  
  42  4:05  SCV  
  48  4:10  Supply Depot  
  48  4:17  SCV  
  48  4:19  SCV  
  46  4:27  Command Center  
  46  4:30  SCV  
  47  4:33  Barracks Tech Lab, SCV, Supply Depot  
  47  4:48  SCV  
  47  4:50  Factory Reactor, Supply Depot  
  47  4:51  Barracks, SCV  
  49  4:53  Barracks  
  49  5:00  SCV  
  46  5:10  SCV  
  46  5:12  SCV  
  48  5:17  Supply Depot  
  48  5:18  Marine  
  48  5:19  Stimpack  
  49  5:22  SCV  
  49  5:23  Engineering Bay x2  
  49  5:25  SCV  
  51  5:29  Starport Reactor  
  51  5:34  SCV  
  52  5:40  SCV  
  52  5:41  Marine x2  
  58  5:44  Marine  
  58  5:46  SCV  
  60  5:51  Marine  
  60  5:52  Marine  
  60  5:54  Terran Infantry Armor Level 1, Terran Infantry Weapons Level 1  
  60  5:55  SCV x2  
  61  5:59  Marine  
  61  6:01  Barracks x2  
  61  6:02  Orbital Command, Marine  
  63  6:08  SCV  
  63  6:10  Marine  
  65  6:12  SCV  
  65  6:13  Refinery  
  65  6:14  Marine x2  
  65  6:15  Refinery  
  68  6:19  Siege Tank  
  68  6:20  Marine  
  68  6:23  Medivac  
  68  6:24  SCV, Medivac  
  78  6:25  SCV  
  78  6:32  Marine  
  78  6:33  Marine x2  
  78  6:35  Orbital Command  
  78  6:37  SCV, Marine x2  
  78  6:38  SCV  
  85  6:48  Supply Depot  
  85  6:49  SCV  
  85  6:50  Marine x3, Barracks Reactor x2, SCV, Supply Depot  
  85  6:53  Armory  
  90  6:55  Marine x2  
  90  7:01  SCV  
  93  7:10  Siege Tank, SCV x2  
  93  7:14  Supply Depot  
  93  7:15  Marine x4  
  99  7:16  Supply Depot  
  99  7:17  SCV, Marine  
  99  7:21  Combat Shield  
  99  7:22  Orbital Command, SCV  
  105  7:23  SCV  
  105  7:29  SCV  
  107  7:30  Supply Depot  
  107  7:31  Marine  
  107  7:33  Marine  
  107  7:35  SCV x2, Marine x3  
  113  7:38  Marine x4  
  113  7:39  Supply Depot  
  116  7:49  Marine  
  116  7:50  Marine  
  118  7:57  Marine x4  
  118  7:58  Siege Tank  
  125  8:04  SCV x2  
  125  8:05  Factory  
  127  8:08  Marine x2  
  127  8:11  SCV  
  127  8:12  Marine x3  
  133  8:14  Bunker  
  133  8:15  Refinery x2  
  133  8:17  Marine  
  133  8:18  Marine  
  133  8:19  SCV, Marine  
  135  8:29  SCV x2  
  135  8:30  Supply Depot x2  
  135  8:31  Marine x2  
  139  8:36  Marine  
  139  8:37  Marine  
  141  8:51  Siege Tank, SCV, Marine x7  
  141  8:52  SCV  
  141  8:54  Marine  
  154  8:57  Marine  
  155  9:07  Factory Tech Lab  
  155  9:09  Marine x3  
  145  9:14  Marine  
  145  9:15  Marine  
  115  9:17  Marine  
  115  9:18  Marine x2  
  115  9:19  Marine  
  115  9:23  Siege Tank  
  106  9:27  Siege Tank, Marine x3  
  110  9:32  Marine x2  
  110  9:33  SCV x2  
  110  9:35  Marine x3  
  110  9:37  Marine  
  114  9:41  Barracks  
  114  9:42  Barracks x2  
  114  9:44  Marine x3  
  117  9:50  Marine x2  
Show
View Real Time Build Order
Export as new Build Order

Elazer Zerg - Winner!

Build Orders: Hatch First 

Get SALT Encoding   

  12  0:00  Drone  
  13  0:12  Overlord  
  13  0:16  Drone  
  14  0:30  Drone x2  
  16  0:48  Hatchery  
  15  0:50  Drone  
  15  0:54  Drone  
  17  0:57  Drone  
  18  1:08  Extractor  
  17  1:12  Spawning Pool  
  17  1:15  Drone  
  17  1:18  Drone  
  18  1:27  Drone  
  19  1:38  Drone  
  20  1:49  Drone  
  21  1:59  Queen  
  21  2:00  Queen, Zergling x4  
  27  2:14  Hatchery  
  26  2:18  Overlord  
  26  2:21  Drone  
  27  2:24  Drone  
  27  2:28  Metabolic Boost  
  28  2:37  Drone x3  
  28  2:43  Queen  
  33  2:48  Overlord  
  33  2:52  Drone  
  33  2:54  Drone  
  33  2:56  Drone  
  36  3:11  Drone x2  
  38  3:13  Drone x3  
  38  3:15  Drone  
  42  3:20  Queen  
  42  3:21  Overlord  
  44  3:30  Drone  
  44  3:31  Drone  
  46  3:34  Queen  
  46  3:37  Overlord  
  46  3:38  Drone x2  
  50  3:42  Zergling x2  
  50  3:43  Zergling x4  
  50  3:47  Zergling x2  
  54  3:55  Drone x5  
  59  3:59  Overlord  
  59  4:00  Drone  
  60  4:03  Queen  
  60  4:08  Overlord  
  60  4:09  Queen  
  64  4:12  Overlord  
  64  4:13  Drone x2  
  65  4:21  Zergling x12  
  71  4:26  Zergling x2  
  71  4:29  Overlord  
  71  4:30  Drone  
  73  4:32  Drone  
  73  4:35  Overlord  
  74  4:42  Overlord  
  74  4:43  Drone x6  
  80  4:48  Extractor x2  
  80  4:51  Evolution Chamber  
  80  4:52  Evolution Chamber  
  76  4:59  Drone x2  
  74  5:04  Drone x2  
  74  5:05  Drone  
  73  5:10  Spore Crawler  
  73  5:12  Queen  
  73  5:13  Drone x7  
  77  5:15  Drone  
  77  5:24  Zerg Missile Weapons Level 1, Zerg Ground Armor Level 1  
  77  5:25  Overlord  
  77  5:27  Drone x6  
  82  5:31  Roach Warren  
  81  5:39  Overlord  
  78  5:43  Extractor x2  
  78  5:46  Drone x4  
  80  5:51  Drone x4, Hatchery  
  80  5:55  Overlord  
  83  5:58  Lair  
  83  5:59  Extractor, Drone x2  
  83  6:03  Overlord  
  84  6:04  Zergling x6  
  88  6:12  Hatchery  
  88  6:14  Roach x5  
  97  6:23  Overlord  
  97  6:31  Roach x8  
  113  6:38  Overlord  
  113  6:41  Roach  
  113  6:42  Roach x2  
  119  6:50  Overlord  
  119  6:56  Drone x2  
  119  6:57  Glial Reconstitution, Drone x5  
  119  6:58  Infestation Pit  
  125  7:05  Overlord  
  125  7:07  Drone  
  125  7:09  Drone  
  125  7:14  Drone x2  
  125  7:15  Drone x2  
  130  7:19  Zerg Missile Weapons Level 2, Zerg Ground Armor Level 2  
  130  7:21  Overlord  
  130  7:22  Drone  
  130  7:23  Drone  
  130  7:27  Extractor  
  130  7:29  Extractor  
  129  7:30  Roach  
  129  7:31  Roach x6  
  129  7:35  Hive  
  129  7:36  Overlord, Hatchery  
  142  7:41  Infestor  
  142  7:43  Infestor  
  142  7:48  Overlord  
  142  7:57  Roach x9  
  160  8:00  Overlord  
  160  8:01  Roach Warren  
  160  8:05  Overlord  
  159  8:08  Roach x5  
  159  8:11  Overlord x2  
  169  8:19  Ravager  
  170  8:21  Roach  
  170  8:22  Roach x5  
  170  8:26  Ravager x3  
  182  8:49  Drone  
  182  8:50  Drone x3  
  182  8:51  Ultralisk Cavern, Drone  
  184  8:56  Spore Crawler  
  162  9:14  Roach x8  
  162  9:15  Roach x11  
  190  9:23  Roach x12  
  198  9:35  Overlord  
  183  9:51  Drone x3  
  183  9:52  Drone x4  
  198  9:53  Drone  
  198  9:58  Drone x2  

Tags
 
Add a new tag
Caveats
  • Supply blocks, unpowered buildings, or Contaminate may cause inaccurate times.
  • Supply counts are checked every 10 seconds.